 Dungeon Crawl Stone Soup version 0.29.1-12-g30fa7ad0bf (webtiles) character file.

Game seed: 5722075486732678187

56963 xian the Basher (level 14, -8/92 HPs)
             Began as a Gargoyle Abyssal Knight on Dec 23, 2022.
             Was a High Priest of Lugonu.
             Mangled by a manticore (19 damage)
             ... summoned by Kirke
             ... on level 12 of the Dungeon.
             The game lasted 01:10:53 (22861 turns).

xian the Basher (Gargoyle Abyssal Knight)          Turns: 22861, Time: 01:10:53

Health: -8/92      AC:  0    Str: 23    XL:     14   Next: 84%
Magic:  22/23      EV: 16    Int: 10    God:    Lugonu [*****.]
Gold:   1355       SH:  5    Dex: 10    Spells: 12/14 levels left

rFire   . . .      SeeInvis .     - Unarmed
rCold   . . .      Faith    .   (shield currently unavailable)
rNeg    + . .      Spirit   .   (body armour currently unavailable)
rPois   ∞          Reflect  +   (helmet currently unavailable)
rElec   .          Harm     .   (cloak currently unavailable)
rCorr   .          Rampage  .   (gloves currently unavailable)
Will    +....                   (boots currently unavailable)
Stlth   +++.......              T - amulet of reflection
HPRegen 0.25/turn               (ring currently unavailable)
MPRegen 0.18/turn               (ring currently unavailable)

@: about to teleport, pig-form, spiked, on berserk cooldown, slowed, studying
Unarmed Combat
A: fast, no casting, sickness immunity, AC +10, small, (big wings), negative
energy resistance 1, (electricity resistance), torment resistance 1,
petrification resistance, (cold resistance 1), wild magic 1
a: Renounce Religion, Depart the Abyss, Bend Space, Banish, Corrupt, Enter the
Abyss


You were on level 12 of the Dungeon.
You worshipped Lugonu.
Lugonu was extremely pleased with you.
You were a filthy swine.
You visited 2 branches of the dungeon, and saw 17 of its levels.
You visited the Abyss 2 times.
You also visited: Sewer and Ossuary.

You collected 1355 gold pieces.

Inventory:

Hand Weapons
 p - the +7 whip of Conversion (melded) {venom, Fragile rN+ Dex+4}
   (You found it on level 2 of the Dungeon)

   It poisons the flesh of those it strikes.
   Dex:       It affects your dexterity (+4).
   rN:        It protects you from negative energy.
   Fragile:   It will be destroyed if unequipped.
 S - a +4 long sword of distortion
Missiles
 e - 15 boomerangs
 o - 59 stones
 w - 13 poisoned darts (quivered)
 x - 9 curare-tipped darts
 C - 2 throwing nets
 E - 6 javelins
Armour
 b - a +1 scale mail
 k - a +0 pair of gloves (melded)
 q - an orb of wrath (melded)
 G - the +5 ring mail "Engiqiur" (melded) {rC- Int+10}
   (You found it on level 7 of the Dungeon)

   Int:       It affects your intelligence (+10).
   rC:        It makes you vulnerable to cold.
 J - a scarf of repulsion (melded)
 K - the +1 helmet of Follow the Leader (melded) {Dex+4}
   (You found it on level 9 of the Dungeon)

   Dex:       It affects your dexterity (+4).
 N - a +0 cloak
Magical Staves
 s - a staff of conjuration
Jewellery
 n - a ring of see invisible (melded)
 r - a ring of wizardry
 D - a +4 ring of evasion (melded)
 R - an amulet of magic regeneration
 T - an amulet of reflection (around neck)
 Y - a ring of ice
Wands
 h - a wand of roots (5)
 u - a wand of charming (18)
 v - a wand of light (21)
 L - a wand of polymorph (5)
 U - a wand of flame (14)
Scrolls
 f - 3 scrolls of teleportation
 i - a scroll of summoning
 l - a scroll of brand weapon
 m - 2 scrolls of silence
 t - 3 scrolls of enchant armour
 y - 2 scrolls of poison
 A - 2 scrolls of blinking
 B - 2 scrolls of immolation
 F - 4 scrolls of magic mapping
 H - 4 scrolls of fog
 V - a scroll of enchant weapon {unknown}
 X - a scroll of identify
Potions
 a - 5 potions of flight
 c - 6 potions of mutation
 d - 3 potions of curing
 g - 4 potions of ambrosia
 j - a potion of cancellation
 z - 5 potions of magic
 I - a potion of resistance
 O - a potion of invisibility
 P - a potion of lignification
 Q - a potion of haste
 W - 2 potions of heal wounds
Miscellaneous
 M - a phantom mirror


   Skills:
 + Level 12.4 Fighting
 + Level 13.5 Maces & Flails
 + Level 5.1 Throwing
 + Level 11.0 Armour
 + Level 7.9 Dodging
 + Level 4.7 Stealth
 + Level 0.1 Shields
 + Level 1.3 Unarmed Combat
 + Level 0.8 Spellcasting
 + Level 0.8 Translocations
 * Level 13.1 Invocations


You had 12 spell levels left.
You knew the following spells:

 Your Spells              Type           Power      Damage    Failure   Level
a - Blink                 Tloc           4%         N/A       45%         2

Your spell library contained the following spells:

 Spells                   Type           Power      Damage    Failure   Level
 Portal Projectile        Hex/Tloc       2%         N/A       73%         3
 Ozocubu's Armour         Ice            0%         N/A       78%         3
 Stone Arrow              Conj/Erth      0%         3d7       78%         3
 Tukima's Dance           Hex            0%         N/A       78%         3
 Animate Armour           Summ/Erth      0%         N/A       99%         4
 Animate Dead             Necr           0%         N/A       99%         4
 Summon Lightning Spire   Summ/Air       0%         N/A       99%         4
 Blade Hands              Tmut           0%         N/A       100%        5
 Borgnjor's Vile Clutch   Necr/Erth      0%         N/A       100%        5
 Manifold Assault         Tloc           2%         N/A       100%        5
 Metabolic Englaciation   Hex/Ice        0%         N/A       100%        5
 Conjure Ball Lightning   Conj/Air       0%         3x3d6     100%        6
 Death Channel            Necr           0%         N/A       100%        6
 Iron Shot                Conj/Erth      0%         9d1       100%        6
 Simulacrum               Ice/Necr       0%         N/A       100%        6
 Storm Form               Tmut/Air       0%         N/A       100%        7
 Discord                  Hex            0%         N/A       100%        8
 Lehudib's Crystal Spear  Conj/Erth      0%         10d2      100%        8


Dungeon Overview and Level Annotations

Branches:
Dungeon (12/15)            Temple (0/1) D:7            Lair (5/5) D:10
  Swamp (0/4) Lair:2        Snake (0/4) Lair:2        Slime (0/5) Lair:4
    Orc (0/2) D:9           Sewer (visited)         Ossuary (visited)

Altars:
Gozag
Kikubaaqudgha
Nemelex Xobeh
Qazlal
Ru
Trog
Jiyva

Annotations:
D:3 2 transporters
D:7 Pikel
D:12 Kirke
Abyss:1 Azrael; Gutwoarch's ghost, journeyman GnDe; Sonja


Innate Abilities, Weirdness & Mutations

You are a filthy swine.
You move quickly.
Your equipment is almost entirely melded.
You are incapable of wielding weapons or throwing items.
You cannot cast spells.
You are immune to sickness and miasma.
((Your stone body is resilient. (AC +10)))
You are immune to poison.
((Your large and strong wings let you fly.))
You resist negative energy. (rN+)
((You are resistant to electric shocks. (rElec)))
You are resistant to unholy torment.
You are immune to petrification.
((Your flesh is cold resistant. (rC+)))
Your spells are a little harder to cast, but a little more powerful.


Message History

Your scarf of repulsion melds into your body.
The +1 helmet of Follow the Leader {Dex+4} melds into your body.
Your +0 pair of gloves melds into your body.
Your orb of wrath melds into your body.
The +5 ring mail "Engiqiur" {rC- Int+10} melds into your body.
Your ring of see invisible melds into your body.
Your +4 ring of evasion melds into your body.
The +7 whip of Conversion {venom, Fragile rN+ Dex+4} stops dripping with poison.
The haze of the repulsion field disappears.
The boulder beetle attacks as you move away!
The boulder beetle bites you!
The boulder beetle curls into a ball and begins rolling!
The manticore flicks its tail.
The volley of spikes hits you!!
The barbed spikes become lodged in your body.
The barbs in your skin will harm you if you move.
Continue?
Okay, then.
As you read the scroll of teleportation, it crumbles to dust.
You feel strangely unstable. You block the hog's attack. Something hits you!
Deactivating autopickup; reactivate with Ctrl-A.
The boulder beetle hits you.
The boulder beetle stops rolling and uncurls.
The hog misses you.
Unknown command.
You bite the hog!
The hog is moderately wounded.
You feel stable enough to blink again. Something barely misses you.
You block the hog's attack. The manticore bites you. The manticore claws you!
You block the manticore's attack. The boulder beetle bites you!
* * * LOW HITPOINT WARNING * * *
Something hits you.
* * * LOW HITPOINT WARNING * * *
The barbs in your skin will harm you if you move.
Continue?
Okay, then.
Okay, then.
You barely miss the hog.
The hog is moderately wounded.
The hog barely misses you. The manticore bites you!!
You die...

#.# ... #.# ... #######.# ...
## ........#########.. .#
................#.. .#
#########.######.#.. .#
.........#.......'.# #.'.. .#
.........#.......#.# #.#.. .#
.........#.hh{...#.# #.#.. .#
.........#.HBh...#.######.#..
.#
.........#.hHh...#........#..
.+
......h#.......#........#..
.# #.h.##.......#.###....#..
## #...####'#####.# #....#..
.# #..h'..........# #....#..
.# #...#..###.....# #....#..
.# #...#..###)....# #....#..


You could see a boulder beetle, 2 manticores and 4 hogs.

Vanquished Creatures
  A boulder beetle (D:9)
  Fannar (D:12)
  2 hydras (D:11)
  Erica (Lair:1)
  3 two-headed ogres
  A spectral death yak (Lair:4)
  A bog body (Lair:2)
  A goliath frog (Lair:4)
  A spectral hydra (Lair:4)
  A cyclops (D:9)
  The ghost of Gibbon the Conjurer, a novice VSCj of Elyvilon (D:8)
  2 wolf spiders (Lair:4)
  23 elephants
  6 black mambas
  An unseen horror (D:12)
  19 cane toads
  A gargoyle (D:9)
  4 rime drakes
  Psyche (D:9)
  8 komodo dragons
  2 polar bears
  3 trolls
  3 tyrant leeches (Lair:5)
  21 blink frogs
  A spectral dream sheep (Lair:4)
  A spectral black mamba (Lair:4)
  Sigmund (D:5)
  A wraith (D:11)
  58 yaks
  A vampire (D:12)
  6 wyverns
  3 hogs (D:12)
  5 vampire mosquitoes
  A chaos spawn (Abyss:1)
  2 steam dragons
  A fire elemental (D:11)
  Menkaure (D:5)
  3 swamp worms (Lair:2)
  An acid dragon (D:8)
  4 nagas (Lair:2)
  11 water moccasins
  Duvessa (D:4)
  3 hell hounds
  A spectral torpor snail (Lair:4)
  3 black bears
  A sky beast (D:6)
  6 orc warriors
  An ice beast (D:7)
  17 wolves
  An ogre (D:4)
  A lemure (D:7)
  3 centaurs
  3 phantoms
  The ghost of mandoloar the Conjurer, an amateur DECj (D:3)
  4 kobold brigands
  22 bullfrogs
  A necrophage (D:5)
  A gnoll sergeant (D:6)
  2 scorpions
  Dowan (D:4)
  A wight (D:7)
  15 killer bees
  2 howler monkeys
  7 electric eels
  3 hounds
  2 jellies
  8 orc priests
  2 gnoll boudas
  5 hell rats (Lair:3)
  3 iguanas
  10 orc wizards
  8 mummies (Ossuary)
  9 gnolls
  8 adders
  3 river rats (Sewer)
  2 shadow imps (D:7)
  2 white imps
  4 worms
  5 dart slugs
  44 orcs
  10 ball pythons
  8 bats
  8 endoplasms
  3 giant cockroaches
  2 gnoll zombies (Ossuary)
  8 goblins
  12 hobgoblins
  2 jackals (Sewer)
  10 kobolds
  3 quokkas
  6 frilled lizards
  2 hobgoblin zombies (Ossuary)
  2 kobold zombies (Ossuary)
  2 orc zombies (Ossuary)
  8 rats
511 creatures vanquished.

Vanquished Creatures (others)
  A wizard (D:10)
  An orc wizard (D:9)
  An orc (D:9)
  23 fungi
  118 plants
144 creatures vanquished.

Grand Total: 655 creatures vanquished

Notes
Turn   | Place    | Note
-------+----------+-------------------------------------------
     0 | Abyss:1  | xian the Gargoyle Abyssal Knight began the quest for the
                  | Orb.
     0 | Abyss:1  | Reached XP level 1. HP: 14/14 MP: 2/2
    15 | Abyss:1  | Found a corrupted altar of Lugonu.
    43 | Abyss:1  | Noticed a wight
    44 | D:1      | Escaped the Abyss
   437 | D:1      | Reached XP level 2. HP: 15/19 MP: 3/3
  1477 | D:2      | Found an opulent altar of Gozag.
  1519 | D:2      | Reached XP level 3. HP: 22/24 MP: 4/4
  1828 | D:2      | Reached skill level 1 in Dodging
  1982 | D:2      | Reached *** piety under Lugonu
  2154 | D:2      | Reached XP level 4. HP: 27/29 MP: 5/5
  2221 | D:2      | Identified the +7 whip of Conversion {venom, Fragile rN+
                  | Dex+4}
  2335 | D:2      | Found a faded altar of an unknown god.
  2601 | D:3      | Found a transporter.
  2654 | D:3      | Got the Grimoire of the Ensnaring Atmosphere
  2699 | D:3      | Found a runed translucent gate.
  2702 | D:3      | Found a runed translucent gate.
  2703 | D:3      | Found a runed translucent gate.
  2703 | D:3      | Noticed mandoloar's ghost (amateur DECj)
  3008 | D:3      | Killed mandoloar's ghost
  3009 | D:3      | Reached XP level 5. HP: 28/33 MP: 5/7
  3188 | D:3      | Found a transporter.
  3342 | D:3      | Reached XP level 6. HP: 38/38 MP: 8/8
  3638 | D:4      | Identified the +0 whip "Kontion" {vorpal, *Noise rPois rC++
                  | Will+}
  3657 | D:4      | Noticed Duvessa
  3657 | D:4      | Noticed Dowan
  3659 | D:4      | Killed Dowan
  3667 | D:4      | Killed Duvessa
  3755 | D:4      | Reached **** piety under Lugonu
  3756 | D:4      | Reached skill level 1 in Stealth
  3756 | D:4      | Reached XP level 7. HP: 44/44 MP: 9/9
  4001 | D:4      | Found a glowing drain.
  4035 | Sewer    | Entered a sewer
  4268 | Sewer    | Reached skill level 5 in Maces & Flails
  5021 | D:4      | Reached skill level 5 in Fighting
  5021 | D:4      | Reached skill level 5 in Armour
  5168 | D:5      | Entered Level 5 of the Dungeon
  5174 | D:5      | Reached XP level 8. HP: 42/49 MP: 11/11
  5331 | D:5      | Reached skill level 5 in Invocations
  5359 | D:5      | Noticed Menkaure
  5374 | D:5      | Killed Menkaure
  5424 | D:5      | Reached skill level 1 in Throwing
  5562 | D:5      | Reached ***** piety under Lugonu
  5756 | D:5      | Noticed Sigmund
  5774 | D:5      | Killed Sigmund
  5775 | D:5      | Reached XP level 9. HP: 55/55 MP: 13/13
  6105 | D:6      | Found a sand-covered staircase.
  6143 | Ossuary  | Entered an ossuary
  7190 | D:6      | Found an ancient bone altar of Kikubaaqudgha.
  7214 | D:6      | Found a stormy altar of Qazlal.
  7511 | D:7      | Found a staircase to the Ecumenical Temple.
  7675 | D:7      | Noticed Pikel
  7679 | D:7      | Noticed a two-headed ogre
  7729 | D:7      | Reached XP level 10. HP: 61/61 MP: 13/15
  7802 | D:7      | Killed a two-headed ogre
  8035 | D:7      | Identified the +5 ring mail "Engiqiur" {rC- Int+10}
  8290 | D:7      | You fall into a shaft and drop 1 floor!
  8673 | D:8      | Learned a level 2 spell: Blink
  8852 | D:8      | Found a runed translucent door.
  8854 | D:8      | Noticed Gibbon's ghost (novice VSCj)
  8878 | D:8      | Killed Gibbon's ghost
  9056 | D:9      | Identified the +1 helmet of Follow the Leader {Dex+4}
  9077 | D:9      | Noticed a cyclops
  9098 | D:9      | Killed a cyclops
  9292 | D:9      | Noticed Psyche
  9401 | D:9      | Gained mutation: Your flesh is cold resistant. (rC+)
                  | [potion of mutation]
  9401 | D:9      | Gained mutation: Your spells are a little harder to cast,
                  | but a little more powerful. [potion of mutation]
  9413 | D:9      | Killed Psyche
  9414 | D:9      | Reached XP level 11. HP: 36/67 MP: 15/17
  9993 | D:9      | Noticed a two-headed ogre
 10009 | D:9      | Killed a two-headed ogre
 10010 | D:9      | Reached skill level 10 in Maces & Flails
 10027 | D:9      | HP: 3/68 [orc warrior/+0 long sword (2)]
 10250 | D:9      | Noticed a two-headed ogre
 10258 | D:9      | Killed a two-headed ogre
 10259 | D:9      | Reached skill level 1 in Unarmed Combat
 10436 | D:9      | Noticed a boulder beetle
 10473 | D:9      | Killed a boulder beetle
 10755 | D:9      | Found a staircase to the Orcish Mines.
 10783 | D:10     | Entered Level 10 of the Dungeon
 10883 | D:10     | Found a staircase to the Lair.
 11821 | D:10     | Found a bloodstained altar of Trog.
 11825 | D:10     | Noticed a wizard
 11828 | D:10     | Killed a wizard
 11946 | Lair:1   | Entered Level 1 of the Lair of Beasts
 11954 | Lair:1   | Reached XP level 12. HP: 63/75 MP: 19/19
 12502 | Lair:1   | Reached ****** piety under Lugonu
 12827 | Lair:1   | Reached skill level 10 in Invocations
 13056 | Lair:1   | Noticed Erica
 13083 | Lair:1   | Killed Erica
 13085 | Lair:1   | Reached skill level 5 in Dodging
 13392 | Lair:1   | Noticed Sonja
 13417 | Lair:1   | Banished Sonja
 13980 | Lair:2   | Reached skill level 10 in Fighting
 14157 | Lair:2   | Reached XP level 13. HP: 82/82 MP: 19/21
 14182 | Lair:2   | Found a sparkling altar of Nemelex Xobeh.
 14548 | Lair:2   | Found a staircase to the Snake Pit.
 15237 | Lair:2   | Found a staircase to the Swamp.
 16166 | Lair:3   | Reached skill level 10 in Armour
 17034 | Lair:4   | Found a runed translucent gate.
 17034 | Lair:4   | Found a runed translucent gate.
 17035 | Lair:4   | Found a runed translucent gate.
 17038 | Lair:4   | Noticed Gutwoarch's ghost (journeyman GnDe)
 17311 | Abyss:1  | HP: 2/84 [Sonja/+1 short sword of distortion (4)]
 17312 | Abyss:1  | Banished Sonja
 17314 | Abyss:1  | Found a stormy altar of Qazlal.
 17314 | Abyss:1  | Found a shadowy altar of Dithmenos.
 17314 | Abyss:1  | Found a sparkling altar of Nemelex Xobeh.
 17640 | Abyss:1  | Noticed a blizzard demon
 17640 | Abyss:1  | Noticed a tentacled starspawn
 17642 | Lair:4   | Escaped the Abyss
 17677 | Lair:4   | Found a viscous altar of Jiyva.
 17677 | Lair:4   | Found a staircase to the Slime Pits.
 17811 | Lair:4   | HP: 1/84 [spectral death yak (11)]
 18548 | Lair:4   | Banished Gutwoarch's ghost
 18556 | Lair:5   | Entered Level 5 of the Lair of Beasts
 18630 | Lair:5   | Gained mutation: Your large and strong wings let you fly.
                  | [Gargoyle growth]
 18630 | Lair:5   | Reached XP level 14. HP: 56/90 MP: 23/23
 19950 | Lair:5   | Identified the +0 morningstar "Vamef" {flame, Fragile rN+
                  | Int+8}
 21687 | D:11     | Reached skill level 5 in Throwing
 22121 | D:11     | Found a sacrificial altar of Ru.
 22348 | D:12     | Noticed Azrael
 22356 | D:12     | Banished Azrael
 22779 | D:12     | Noticed Fannar
 22790 | D:12     | Killed Fannar
 22822 | D:12     | Noticed Kirke
 22861 | D:12     | Mangled by a manticore

Illustrated notes

Levels and vault maps discovered:
D:1:      dpeg_arrival_tiny_a, layout_basic
D:2:      layout_loops_ring, hellmonk_ecumenical_altar_prayer_group, basic_altar
D:3:      gammafunk_wand_slinger, layout_rooms, biasface_ghost_orc_armoury
D:4:      layout_loops_ring, portal_sewer_entry_c, uniq_duvessa
D:5:      layout_basic, minmay_misc_feat_hallway, uniq_menkaure, uniq_sigmund
D:6:      layout_rooms, lemuel_round_altar, grunt_qazlal_clouds,
          nicolae_ossuary_entry_monument, minmay_manual_monstrance
D:7:      layout_basic, minmay_temple_entry_purple_smoke,
          serial_co_window_serial, co_window_paths_a, co_window_paths_b,
          co_window_of_opportunity_a, co_window_paths_b, co_window_paths_a,
          co_window_broadway_c, co_window_unsneaky_path_e, co_window_paths_c,
          co_window_unsneaky_path_a, co_window_cross_4,
          co_window_unsneaky_path_b, co_window_of_opportunity_b, co_window_sun,
          glass_columns_a, glass_columns_b, glass_columns_b, glass_columns_b,
          glass_columns_a, minmay_manual_mail, uniq_pikel
D:8:      layout_gridville, ebering_ghost_reflecting_pool, minmay_diced_spiral
D:9:      layout_roguey, hiddenorc1_lemuel, kennysheep_generic_room_16,
          uniq_psyche
D:10:     layout_basic, trog_wizard, david_lair_generic
D:11:     layout_cross, dk_noncrumbling_2, nicolae_ru_path_of_blood
D:12:     layout_stronghold, uniq_kirke, uniq_azrael, uniq_fannar
Lair:1:   layout_misc_corridors, beast_lair_carwin_5, grunt_megastairs_3,
          uniq_erica, uniq_sonja
Lair:2:   layout_roguey, nicolae_swamp_entry_splash_gauntlet,
          minmay_snake_entry_guardpost_small, basic_altar, serial_rivers,
          chequers_serial_rivers_micro_a, chequers_serial_rivers_micro_e,
          chequers_serial_rivers_small_a, chequers_serial_rivers_micro_b,
          chequers_serial_rivers_small_b
Lair:3:   layout_regular_city
Lair:4:   layout_cave_shapes, dpeg_slime_entry_corner,
          gammafunk_ghost_necromancy, chequers_serial_rivers_room_a,
          nicolae_lair_run_with_the_wolves
Lair:5:   minmay_lair_end_frog_pond, layout_regular_city, serial_bayou,
          serial_bayou_shore_b, serial_bayou_ford_a, serial_bayou_pond_a,
          serial_bayou_shore_a, serial_bayou_pond_a, serial_bayou_crossing,
          minivault_23, nicolae_quartered_pool_super, st_stairs_5,
          infiniplex_staircase_pool

Skill      XL: |  1  2  3  4  5  6  7  8  9 10 11 12 13 14 |
---------------+-------------------------------------------+-----
Dodging        | 1 2 3 4 5 6 7 |  7.9
Maces & Flails | 3 4 5 6 8 9 11 12 13 | 13.5
Fighting       | 4 5 6 7 8 10 11 12 | 12.4
Armour         | 3 4 5 6 7 8 9 10 11 | 11.0
Invocations    | 3 4 5 6 8 9 10 12 13 | 13.1
Stealth        | 1 2 3 4 |  4.7
Throwing       | 1 2 3 4 5 |  5.1
Unarmed Combat | 1 |  1.3
Shields        | |  0.1
Spellcasting   | |  0.8
Translocations | |  0.8

Action                   |  1- 3 |  4- 6 |  7- 9 | 10-12 | 13-15 || total
-------------------------+-------+-------+-------+-------+-------++-------
Melee: Mace              |   107 |     8 |       |       |       ||   115
       Punch             |     2 |     1 |       |       |       ||     3
       Whip              |       |    87 |   416 |   699 |  1014 ||  2216
       Unarmed           |       |       |       |     5 |     2 ||     7
Throw: Stone             |       |     3 |    32 |    15 |     3 ||    53
       Dart              |       |       |    10 |    25 |    15 ||    50
 Cast: Blink             |       |       |       |       |     4 ||     4
Invok: Depart the Abyss  |     1 |       |       |       |     1 ||     2
       Banish            |       |       |       |     1 |     5 ||     6
       Bend Space        |       |       |       |       |     3 ||     3
       Enter the Abyss   |       |       |       |       |     1 ||     1
Evoke: Wand              |       |       |       |     1 |       ||     1
  Use: Scroll            |       |     2 |    11 |     8 |     7 ||    28
       Potion            |       |       |       |    10 |     2 ||    12
 Stab: Invisible         |       |       |       |     2 |       ||     2
       Distracted        |       |       |       |     1 |       ||     1
       Sleeping          |       |       |       |     1 |     1 ||     2
Armor: Leather armour    |    36 |       |       |       |       ||    36
       Ring mail         |    26 |    26 |       |   231 |   359 ||   642
       Scale mail        |       |     5 |   186 |     6 |       ||   197
Dodge: Dodged            |    81 |    59 |   210 |   468 |   787 ||  1605
       Repelled          |       |       |       |     5 |     5 ||    10
Block: Orb               |       |       |       |       |    14 ||    14
       Other             |       |       |       |       |     3 ||     3
